[Event "Titled Tuesday Blitz May 16 Late 2023"]
[White "Wu, Derek"]
[Black "Zhigalko, Sergei"]
[WhiteFideId "30914558"]
[BlackFideId "13502956"]
[WhiteElo "2174"]
[BlackElo "2626"]
[Result "0-1"]
[Round "05"]
[TimeControl "180+2"]
[Date "2023.05.16"]
[WhiteClock "0:00:09"]
[BlackClock "0:00:07"]

1. d4 Nf6 2. Nc3 d5 3. Bf4 a6 4. e3 e6 5. g4 c5 6. g5 Nfd7 7. Qg4 Nc6 8. O-O-O b5 9. Qg3 Qb6 10. Bg2 b4 11. Nxd5 exd5 12. Bxd5 Bb7 13. Nf3 Be7 14. Bc7 Qb5 15. Qf4 O-O 16. h4 cxd4 17. Be4 Rac8 18. h5 f5 19. Bd3 Qd5 20. b3 Nce5 21. Nxe5 Rxc7 22. Ng6 Bd6 23. Ne7+ Bxe7 24. Qxc7 Rc8 25. Qxc8+ Bxc8 26. Bc4 Qxc4 27. bxc4 dxe3 28. f4 Bc5 29. Rd5 Kf7 30. Rxf5+ Ke6 31. Rd5 Bb7 32. f5+ Ke7 33. f6+ gxf6 34. gxf6+ Kxf6 35. Rf1+ Ke6 36. Rg5 Bd4 37. Re1 Ne5 38. Re2 Bf3 39. Re1 Nxc4 40. h6 Bc3 41. Reg1 e2 42. R5g3 Bd2+ 43. Kb1 Be4 44. a4 Na3+ 45. Ka2 Nxc2 46. Kb3 e1=Q 47. Rxe1 Nxe1 48. Rg4 Kd5 49. Rg7 Nd3 50. a5 Nc5+ 51. Kb2 Bc3+ 52. Kc1 b3 53. Rg8 b2+ 54. Kd1 b1=Q+ 55. Ke2 Qd3+ 56. Kf2 Qf3+ 57. Kg1 Bd4+ 58. Kh2 Qh1+ 59. Kg3 Be5+ 60. Kf2 Nd3+ 61. Ke3 Qe1# 0-1


[Site "https://www.chess.com"]

[Event "Titled Tuesday Blitz May 16 Late 2023"]
[White "Hakobyan, Aram"]
[Black "Badmatsyrenov, Oleg"]
[WhiteFideId "13306677"]
[BlackFideId "24115762"]
[WhiteElo "2584"]
[BlackElo "2396"]
[Result "1-0"]
[Round "05"]
[TimeControl "180+2"]
[Date "2023.05.16"]
[WhiteClock "0:01:25"]
[BlackClock "0:00:47"]

1. d4 c6 2. e4 a6 3. Bd3 b5 4. Nf3 Bb7 5. O-O g6 6. Bf4 Bg7 7. Re1 d6 8. e5 dxe5 9. dxe5 e6 10. Nc3 Ne7 11. Ne4 O-O 12. Bg5 Qc7 13. Qc1 Nd5 14. b3 b4 15. Bc4 Nd7 16. Bxd5 cxd5 17. Nf6+ Nxf6 18. exf6 Bh8 19. Ne5 Rac8 20. Qf4 Qxc2 21. Rac1 Qf5 22. Ng4 Qxg4 23. Qxg4 Rxc1 24. Rxc1 Rd8 25. Qxb4 d4 26. Qxb7 Bxf6 27. Bxf6 d3 28. Rc8 Re8 29. Rxe8# 1-0


[Site "https://www.chess.com"]

[Event "Titled Tuesday Blitz May 16 Late 2023"]
[White "Paravyan, David"]
[Black "Vakhlamov, Igor L."]
[WhiteFideId "4194985"]
[BlackFideId "24126748"]
[WhiteElo "2563"]
[BlackElo "2407"]
[Result "1-0"]
[Round "05"]
[TimeControl "180+2"]
[Date "2023.05.16"]
[WhiteClock "0:00:40"]
[BlackClock "0:00:00"]

1. c4 e6 2. Nc3 d5 3. d4 c5 4. cxd5 cxd4 5. Qa4+ Bd7 6. Qxd4 exd5 7. Qxd5 Nf6 8. Qd1 Bc5 9. Nf3 O-O 10. e3 Qe7 11. Be2 Rd8 12. O-O Nc6 13. a3 Ne5 14. Nd4 Rac8 15. h3 a6 16. Re1 Ng6 17. Bf1 Qe5 18. Bd2 Bxd4 19. exd4 Qxd4 20. Bg5 Bc6 21. Qxd4 Rxd4 22. Rad1 Rcd8 23. Rxd4 Rxd4 24. f3 h6 25. Be3 Rd7 26. Kf2 Ne5 27. Rd1 Rxd1 28. Nxd1 Kf8 29. Bd4 Ned7 30. Nc3 Ke7 31. Bc4 b5 32. Ba2 Ne8 33. g4 f6 34. Nd1 Nd6 35. Ne3 Ne5 36. Nd5+ Kd7 37. Nb4 Bb7 38. Bxe5 fxe5 39. Nd3 e4 40. Nc5+ Kc6 41. Nxb7 Nxb7 42. fxe4 Kd6 43. Ke3 Ke5 44. b4 Nd6 45. Bd5 g5 46. Kd3 Ne8 47. Bb7 Nc7 48. Ke3 Kd6 49. Bc8 Ke5 50. Kd3 Kd6 51. Kd4 Kc6 52. e5 Kb6 53. e6 a5 54. Bd7 axb4 55. axb4 1-0


[Site "https://www.chess.com"]

[Event "Titled Tuesday Blitz May 16 Late 2023"]
[White "Ibarra Jerez, Jose Carlos"]
[Black "Rastbod, Ali"]
[WhiteFideId "2226332"]
[BlackFideId "12567477"]
[WhiteElo "2638"]
[BlackElo "2274"]
[Result "1-0"]
[Round "05"]
[TimeControl "180+2"]
[Date "2023.05.16"]
[WhiteClock "0:00:03"]
[BlackClock "0:00:00"]

1. e4 e6 2. d4 d5 3. Nd2 Be7 4. e5 c5 5. c3 cxd4 6. cxd4 Qb6 7. Ndf3 Bd7 8. Bd3 Bb5 9. Ne2 Bb4+ 10. Kf1 Nc6 11. g3 f6 12. Kg2 fxe5 13. dxe5 Nge7 14. Nf4 O-O 15. Bxh7+ Kxh7 16. Ng5+ Kg8 17. Qh5 Rxf4 18. Qh7+ Kf8 19. Bxf4 Nd4 20. Be3 Nef5 21. Bxd4 Nxd4 22. Qh8+ Ke7 23. Qxg7+ Kd8 24. Rac1 Bc6 25. Qg8+ Kd7 26. Qxa8 Ne2 27. Qg8 d4+ 28. Rxc6 Qxc6+ 29. Nf3 Qe4 30. Qf7+ Kd8 31. Rd1 d3 32. Qxe6 d2 33. Qb3 a5 34. Qe3 Nf4+ 35. gxf4 Qg6+ 36. Kf1 Qg5 37. Rxd2+ Bxd2 38. Qxd2+ 1-0


[Site "https://www.chess.com"]

[Event "Titled Tuesday Blitz May 16 Late 2023"]
[White "Sun, Rick"]
[Black "Matlakov, Maxim"]
[WhiteFideId "30909481"]
[BlackFideId "4168003"]
[WhiteElo "2169"]
[BlackElo "2666"]
[Result "1-0"]
[Round "05"]
[TimeControl "180+2"]
[Date "2023.05.16"]
[WhiteClock "0:00:13"]
[BlackClock "0:00:00"]

1. d4 Nf6 2. Nc3 d5 3. Bf4 Bf5 4. e3 e6 5. f3 Bb4 6. g4 Bg6 7. h4 h6 8. Bd3 Bxd3 9. Qxd3 c5 10. Ne2 Nc6 11. O-O-O c4 12. Qd2 b5 13. g5 Nh5 14. g6 f5 15. e4 Ne7 16. Be5 Nxg6 17. Rhg1 Nxe5 18. dxe5 fxe4 19. fxe4 Bc5 20. Rg6 Kf7 21. Rg4 d4 22. Rf1+ Kg8 23. Nxb5 d3 24. Nf4 Nxf4 25. Qxf4 Qe7 26. Nd6 Kh7 27. Qf7 Be3+ 28. Kd1 Qxf7 29. Rxf7 Rhg8 30. Nxc4 dxc2+ 31. Kxc2 Bd4 32. Kd3 Rad8 33. Kc2 a6 34. b3 Kh8 35. h5 Rc8 36. Rg6 Bxe5 37. Rxe6 Ba1 38. Kb1 Bd4 39. Rd6 Bc3 40. Rdd7 Rce8 41. Nd6 Be5 42. Nxe8 Rxe8 43. Rfe7 Rxe7 44. Rxe7 Bf6 45. Re6 Bd4 46. Rxa6 g5 47. Kc2 g4 48. Rg6 1-0


[Site "https://www.chess.com"]

[Event "Titled Tuesday Blitz May 16 Late 2023"]
[White "Tang, Andrew"]
[Black "Tsvetkov, Andrey"]
[WhiteFideId "2059630"]
[BlackFideId "34139360"]
[WhiteElo "2596"]
[BlackElo "2296"]
[Result "1-0"]
[Round "05"]
[TimeControl "180+2"]
[Date "2023.05.16"]
[WhiteClock "0:00:09"]
[BlackClock "0:00:01"]

1. d4 d5 2. Bf4 c5 3. e3 cxd4 4. exd4 Nc6 5. Nf3 f6 6. c4 g5 7. cxd5 Qxd5 8. Nc3 Qa5 9. Bg3 g4 10. d5 gxf3 11. dxc6 bxc6 12. Qxf3 Bd7 13. Bc4 Qf5 14. Qe2 Nh6 15. O-O Nf7 16. Rad1 Bh6 17. Rfe1 O-O 18. Qxe7 Rae8 19. Rxd7 Rxe7 20. Rexe7 Kh8 21. Bxf7 Qc2 22. h4 Qxb2 23. Bb3 Qc1+ 24. Kh2 1-0


[Site "https://www.chess.com"]

[Event "Titled Tuesday Blitz May 16 Late 2023"]
[White "Zakhartsov, Vladimir"]
[Black "Marek, Matyas"]
[WhiteFideId "4145097"]
[BlackFideId "335398"]
[WhiteElo "2495"]
[BlackElo "2279"]
[Result "1-0"]
[Round "05"]
[TimeControl "180+2"]
[Date "2023.05.16"]
[WhiteClock "0:00:48"]
[BlackClock "0:00:20"]

1. e4 c5 2. Nf3 d6 3. g3 Nf6 4. Qe2 Nc6 5. Bg2 e5 6. O-O Be7 7. c3 O-O 8. Rd1 Bg4 9. h3 Be6 10. d4 exd4 11. cxd4 cxd4 12. Nxd4 Nxd4 13. Rxd4 Re8 14. Nc3 Qc8 15. Kh2 Nd7 16. Bf4 Ne5 17. Rc1 Bc4 18. Qd1 Qe6 19. b3 Ba6 20. Nd5 Bd8 21. Ne3 Be7 22. Nf5 Rad8 23. Rc7 Bf8 24. Rd5 Ng6 25. Bg5 f6 26. Nd4 Qxd5 27. exd5 fxg5 28. Ne6 Rc8 29. Rxc8 Rxc8 30. Nxg5 Be7 31. Nxh7 Ne5 32. Be4 Rf8 33. Nxf8 1-0


[Site "https://www.chess.com"]

[Event "Titled Tuesday Blitz May 16 Late 2023"]
[White "Manelyuk, Daniil"]
[Black "Pap, Gyula"]
[WhiteFideId "44173920"]
[BlackFideId "725323"]
[WhiteElo "2259"]
[BlackElo "2519"]
[Result "0-1"]
[Round "05"]
[TimeControl "180+2"]
[Date "2023.05.16"]
[WhiteClock "0:00:00"]
[BlackClock "0:01:36"]

1. e4 e5 2. Nf3 Nc6 3. Bb5 a6 4. Ba4 Nge7 5. Nc3 d6 6. O-O Bd7 7. Bb3 Ng6 8. d4 Be7 9. Nd5 Na5 10. Nxe7 Qxe7 11. c3 Nxb3 12. Qxb3 b6 13. Bg5 f6 14. Be3 Be6 15. d5 Bd7 16. c4 O-O 17. a4 a5 18. Qc3 f5 19. exf5 Rxf5 20. Nd2 Rh5 21. f4 Re8 22. Rae1 exf4 23. Bxb6 Qxe1 24. Rxe1 Rxe1+ 25. Kf2 Rhe5 26. Bxc7 Bg4 27. Qe3 R5xe3 0-1


[Site "https://www.chess.com"]

[Event "Titled Tuesday Blitz May 16 Late 2023"]
[White "Antipov, Mikhail Al."]
[Black "Schekachikhin, Maksim"]
[WhiteFideId "4107012"]
[BlackFideId "24177830"]
[WhiteElo "2513"]
[BlackElo "2272"]
[Result "1-0"]
[Round "05"]
[TimeControl "180+2"]
[Date "2023.05.16"]
[WhiteClock "0:00:57"]
[BlackClock "0:00:08"]

1. e4 c5 2. Nf3 Nf6 3. e5 Nd5 4. Nc3 Nxc3 5. dxc3 Nc6 6. Bd3 e6 7. Bf4 d6 8. exd6 Bxd6 9. Bxd6 Qxd6 10. Qd2 Bd7 11. O-O-O O-O-O 12. Qg5 Qf8 13. Rd2 f6 14. Qe3 e5 15. Rhd1 Qe7 16. Be4 g6 17. Rd6 Nd4 18. Rd5 Ne6 19. Nd2 f5 20. Bd3 e4 21. Bc4 Bc6 22. Re5 Bd7 23. Nb3 Qf6 24. f4 b6 25. Rxd7 1-0


[Site "https://www.chess.com"]

[Event "Titled Tuesday Blitz May 16 Late 2023"]
[White "Bortnyk, Mykola"]
[Black "Alex_Sahakyan2006"]
[WhiteFideId "14120836"]
[WhiteElo "2582"]
[BlackElo "2681"]
[Result "0-1"]
[Round "05"]
[TimeControl "180+2"]
[Date "2023.05.16"]
[WhiteClock "0:00:04"]
[BlackClock "0:00:28"]

1. c4 c5 2. Nc3 g6 3. h4 h5 4. e3 Bg7 5. d4 Nc6 6. Nf3 d6 7. dxc5 dxc5 8. Qxd8+ Kxd8 9. Bd2 Bg4 10. Ng5 Ke8 11. f3 Bf5 12. Be2 Rd8 13. O-O-O Nb4 14. e4 Bc8 15. a3 Nc6 16. Be3 Nd4 17. Bd3 e6 18. Ne2 Ne7 19. Kb1 Nec6 20. Rhe1 Ke7 21. Nh3 b6 22. Bg5+ f6 23. Be3 Ba6 24. Ka2 Ne5 25. Bxd4 Nxd3 26. Rxd3 Bxc4+ 27. Ka1 Bxd3 28. Bc3 Bc4 29. Nhf4 Kf7 30. Nc1 Bh6 31. g3 Bxf4 32. gxf4 Rd7 33. b3 Ba6 34. Kb2 Rhd8 35. Kc2 Bd3+ 36. Kb2 a5 37. a4 Ba6 38. Kc2 c4 39. b4 axb4 40. Bxb4 Bb7 41. Bc3 Bc6 42. a5 Ba4+ 43. Kb2 bxa5 44. Bxa5 Rd1 45. Rxd1 Rxd1 46. Ne2 Rh1 47. f5 Rh2 48. fxe6+ Kxe6 49. Kc3 Rxe2 50. Kxc4 Rh2 51. Kd3 Rxh4 52. Be1 Rh3 53. Ke2 g5 54. Kf2 g4 55. fxg4 hxg4 56. Kg2 Bc6 0-1


[Site "https://www.chess.com"]

[Event "Titled Tuesday Blitz May 16 Late 2023"]
[White "Mihajlov, Sebastian"]
[Black "Donchenko, Alexander"]
[WhiteFideId "1512110"]
[BlackFideId "24603295"]
[WhiteElo "2478"]
[BlackElo "2554"]
[Result "1-0"]
[Round "05"]
[TimeControl "180+2"]
[Date "2023.05.16"]
[WhiteClock "0:01:41"]
[BlackClock "0:02:36"]

1. e4 c6 2. d4 d5 3. exd5 cxd5 4. Bd3 Nf6 5. c3 Bg4 6. Qb3 Qc7 7. h3 Bd7 8. Nf3 e6 9. O-O Bd6 10. Re1 O-O 11. Qc2 Bc6 12. Ne5 Nbd7 13. f4 b5 14. Nd2 Rac8 15. Ndf3 b4 16. Ng5 h6 17. Bh7+ Kh8 18. Nexf7+ Rxf7 19. Nxf7# 1-0


[Site "https://www.chess.com"]

[Event "Titled Tuesday Blitz May 16 Late 2023"]
[White "Goltsev, Dmitry"]
[Black "Rustemov, Alexander"]
[WhiteFideId "24176710"]
[BlackFideId "4119002"]
[WhiteElo "2356"]
[BlackElo "2976"]
[Result "1/2-1/2"]
[Round "05"]
[TimeControl "180+2"]
[Date "2023.05.16"]
[WhiteClock "0:00:05"]
[BlackClock "0:00:07"]

1. e4 e6 2. d4 d5 3. exd5 exd5 4. Nf3 Bf5 5. c4 Bxb1 6. Rxb1 Bb4+ 7. Bd2 Bxd2+ 8. Qxd2 Nf6 9. Bd3 O-O 10. O-O dxc4 11. Bxc4 Nbd7 12. Rfe1 Nb6 13. Bb3 c6 14. Ne5 Nbd5 15. Qg5 h6 16. Qg3 Qd6 17. Rbd1 Rad8 18. Nc4 Qxg3 19. hxg3 Rd7 20. Re2 Rfd8 21. Ne5 Re7 22. Rde1 Rc7 23. Nd3 g6 24. a3 Kg7 25. Nc5 h5 26. Bxd5 Nxd5 27. Re8 Rxe8 28. Rxe8 b6 29. Nd3 Re7 30. Rxe7 Nxe7 31. Kf1 Kf6 32. Ne5 Ke6 33. Ke2 f6 34. Nc4 g5 35. Kd3 Ng6 36. a4 f5 37. b4 Ne7 38. b5 Nd5 39. bxc6 Nb4+ 40. Kc3 Nxc6 41. Ne3 Ne7 42. Kc4 a6 43. d5+ Ke5 44. f4+ gxf4 45. gxf4+ Kd6 46. g3 b5+ 47. axb5 axb5+ 48. Kxb5 Nxd5 49. Nxf5+ Ke6 50. Ng7+ Kd6 51. Nxh5 Ne3 52. Kb4 Kd5 53. Nf6+ Kd4 54. g4 Ng2 55. f5 Ke5 56. Nd7+ Kd6 57. Nc5 Ne3 58. Ne4+ Ke5 59. f6 Nd5+ 60. Kc4 Nxf6 61. g5 Nxe4 62. g6 Nf6 63. g7 Ng8 64. Kc5 Kf6 65. Kc6 Kxg7 1/2-1/2


[Site "https://www.chess.com"]

[Event "Titled Tuesday Blitz May 16 Late 2023"]
[White "Rodshtein, Maxim"]
[Black "Kourkoulos-Arditis, Stamatis"]
[WhiteFideId "2806851"]
[BlackFideId "4221990"]
[WhiteElo "2555"]
[BlackElo "2400"]
[Result "1-0"]
[Round "05"]
[TimeControl "180+2"]
[Date "2023.05.16"]
[WhiteClock "0:00:44"]
[BlackClock "0:00:00"]

1. c4 Nf6 2. Nc3 g6 3. e4 d6 4. d4 Bg7 5. Nge2 O-O 6. Ng3 e5 7. d5 h5 8. Bg5 Qe8 9. Bd3 Nh7 10. Be3 h4 11. Nf1 f5 12. h3 a5 13. Nh2 Na6 14. Nf3 Qe7 15. Qe2 Nb4 16. Bb1 Bd7 17. a3 Na6 18. Bc2 Bf6 19. O-O-O f4 20. Bd2 Nc5 21. Kb1 a4 22. Ne1 Rfb8 23. Nd3 b6 24. Be1 Ng5 25. f3 Nf7 26. Na2 Nd8 27. Bf2 Ndb7 28. Nc3 Qe8 29. Nb4 Na5 30. Nb5 Rb7 31. Nc3 Nab3 32. Ka2 Nd4 33. Bxd4 exd4 34. Nb5 Bxb5 35. cxb5 Be5 36. Nc6 Rbb8 37. Qf2 g5 38. Nxd4 Bxd4 39. Qxd4 Qxb5 40. e5 Re8 41. e6 Rf8 42. Rhe1 Rae8 43. Qc3 Re7 44. Rd4 Qa6 45. Bb1 Qb5 46. Rb4 Qa6 47. Qc2 1-0


[Site "https://www.chess.com"]

[Event "Titled Tuesday Blitz May 16 Late 2023"]
[White "Grigorov, Grigor"]
[Black "Maltsevskaya, Aleksandra"]
[WhiteFideId "2907313"]
[BlackFideId "24174041"]
[WhiteElo "2510"]
[BlackElo "2302"]
[Result "0-1"]
[Round "05"]
[TimeControl "180+2"]
[Date "2023.05.16"]
[WhiteClock "0:00:00"]
[BlackClock "0:00:03"]

1. d4 Nf6 2. Nf3 g6 3. Bg5 Bg7 4. Nbd2 d5 5. e3 O-O 6. Be2 c5 7. c3 Nc6 8. dxc5 a5 9. a4 Nd7 10. Nb3 h6 11. Bh4 Nf6 12. O-O e5 13. h3 Be6 14. Bb5 g5 15. Bxc6 bxc6 16. Bg3 Nd7 17. Nfd2 f5 18. f4 gxf4 19. exf4 e4 20. Bf2 Kh7 21. Nd4 Bxd4 22. Bxd4 Rg8 23. Qh5 Rg6 24. Rf2 Rb8 25. Nf1 Qe7 26. Ne3 Rf8 27. b4 Qe8 28. Kh1 axb4 29. cxb4 Nf6 30. Qh4 Qb8 31. Rb2 Qa8 32. Raa2 Qa6 33. b5 Qa5 34. bxc6 Rf7 35. Rb7 Rgg7 36. Bxf6 Rxf6 37. Rxg7+ Kxg7 38. Rb2 Qxc5 39. Rb7+ Bf7 40. Qg3+ Kh7 41. c7 d4 42. Nf1 e3 0-1


[Site "https://www.chess.com"]

[Event "Titled Tuesday Blitz May 16 Late 2023"]
[White "Krzyzanowski, Marcin"]
[Black "Mendez Fortes, Eduardo Jesus"]
[WhiteFideId "1132199"]
[BlackFideId "3502376"]
[WhiteElo "2471"]
[BlackElo "2307"]
[Result "1-0"]
[Round "05"]
[TimeControl "180+2"]
[Date "2023.05.16"]
[WhiteClock "0:00:02"]
[BlackClock "0:00:03"]

1. Nf3 d5 2. g3 Nf6 3. Bg2 e6 4. O-O Be7 5. c4 O-O 6. b3 d4 7. e3 c5 8. exd4 cxd4 9. Re1 Nc6 10. d3 a5 11. Ne5 Nxe5 12. Rxe5 Nd7 13. Re1 e5 14. Na3 Re8 15. Nb5 Bf8 16. Bd5 Nf6 17. Bf3 Rb8 18. Bg5 h6 19. Bd2 Bd7 20. a3 Bc6 21. Na7 Bd7 22. Nb5 Bf5 23. Qc2 Qd7 24. b4 Rbc8 25. Qb3 b6 26. bxa5 bxa5 27. Bxa5 e4 28. dxe4 Nxe4 29. Rad1 Nc5 30. Qa2 Nd3 31. Rxe8 Rxe8 32. Qd2 Ne5 33. Bd5 Bg4 34. Re1 Bf3 35. Rxe5 Bxd5 36. Rxd5 Qg4 37. Bb4 d3 38. Rxd3 Bxb4 39. axb4 Qxc4 40. Nc3 Qxb4 41. h4 Kh7 42. Kh2 Qb6 43. Rd4 g6 44. Qd3 Rc8 45. Kg2 Qb3 46. Rd7 Rxc3 47. Rxf7+ Qxf7 48. Qxc3 Qd5+ 49. Qf3 Qd7 50. Qe4 Qf7 51. h5 Kg7 52. Qxg6+ Qxg6 53. hxg6 Kxg6 54. Kf3 Kg5 55. g4 Kh4 56. Kf4 Kh3 57. g5 Kg2 58. gxh6 1-0


[Site "https://www.chess.com"]

[Event "Titled Tuesday Blitz May 16 Late 2023"]
[White "Quispe Arteaga, Gabriel"]
[Black "Popilski, Gil"]
[WhiteFideId "32059809"]
[BlackFideId "2809060"]
[WhiteElo "2274"]
[BlackElo "2537"]
[Result "1-0"]
[Round "05"]
[TimeControl "180+2"]
[Date "2023.05.16"]
[WhiteClock "0:00:16"]
[BlackClock "0:00:00"]

1. c4 e6 2. Nc3 Bb4 3. Nf3 c5 4. g3 Nc6 5. Bg2 Nf6 6. O-O O-O 7. d3 h6 8. Qc2 Qe7 9. a3 Ba5 10. e4 d6 11. h3 Nd7 12. Be3 Nde5 13. Ne2 Nxf3+ 14. Bxf3 e5 15. Bg2 f5 16. f4 fxe4 17. dxe4 Nd4 18. Qd3 Bd7 19. Nc3 Rae8 20. Nd5 Qd8 21. Bxd4 cxd4 22. b4 Bb6 23. f5 Bc6 24. Kh2 Bxd5 25. exd5 Qg5 26. Be4 Rc8 27. Rae1 h5 28. h4 Qh6 29. f6 Rxf6 30. Rxf6 Qxf6 31. Rf1 Qh6 32. Qf3 Qf6 33. Bf5 Rxc4 34. Be6+ Kf8 35. Qe2 Rc7 36. Rxf6+ gxf6 37. Qxh5 d3 38. Qh8+ Ke7 39. Qh7+ Kd8 40. Qxd3 Bd4 41. Qf5 Rc1 42. Qxf6+ Kc7 43. Qe7+ Kb6 44. Qxd6+ Kb5 45. Qd7+ Kc4 46. d6+ Kd3 47. Qf7 Ke3 48. d7 Rc2+ 49. Kh3 e4 50. d8=Q Be5 51. Qd5 Rc3 52. Qxe5 1-0


[Site "https://www.chess.com"]

[Event "Titled Tuesday Blitz May 16 Late 2023"]
[White "Schnaider, Ilan"]
[Black "Averjanov, Alexey"]
[WhiteFideId "169013"]
[BlackFideId "14109867"]
[WhiteElo "2224"]
[BlackElo "2795"]
[Result "1/2-1/2"]
[Round "05"]
[TimeControl "180+2"]
[Date "2023.05.16"]
[WhiteClock "0:01:39"]
[BlackClock "0:02:03"]

1. e4 c6 2. Nf3 d5 3. Nc3 Bg4 4. h3 Bxf3 5. Qxf3 dxe4 6. Nxe4 Nd7 7. d4 Ngf6 8. Bd3 Nxe4 9. Qxe4 Nf6 10. Qh4 e6 11. O-O Be7 12. c3 O-O 13. Qg3 g6 14. Bh6 Re8 15. Rfe1 Nh5 16. Qf3 Bg5 17. Bxg5 Qxg5 18. Re5 Qf4 19. Qe2 Nf6 20. Re1 Rad8 21. g3 Qh6 22. Kg2 Nd5 23. Bc4 Qg7 24. Bxd5 Rxd5 25. Rxd5 cxd5 26. Qb5 Rb8 27. Qc5 a6 1/2-1/2


[Site "https://www.chess.com"]

[Event "Titled Tuesday Blitz May 16 Late 2023"]
[White "Kravtsiv, Martyn"]
[Black "Gritsenko, Nikolai"]
[WhiteFideId "14113147"]
[BlackFideId "14112493"]
[WhiteElo "2695"]
[BlackElo "2389"]
[Result "0-1"]
[Round "05"]
[TimeControl "180+2"]
[Date "2023.05.16"]
[WhiteClock "0:00:00"]
[BlackClock "0:00:08"]

1. e4 d5 2. exd5 Nf6 3. d4 Bg4 4. f3 Bf5 5. g4 Bg6 6. c4 e6 7. Nc3 exd5 8. g5 Nfd7 9. Nxd5 Bd6 10. Qe2+ Kf8 11. h4 c5 12. h5 Bf5 13. Bh3 Bxh3 14. Nxh3 cxd4 15. O-O Nc6 16. Kg2 h6 17. b3 hxg5 18. Bxg5 f6 19. Nhf4 Bxf4 20. Nxf4 Qe8 21. Ng6+ Kf7 22. Nxh8+ Qxh8 23. Bf4 Re8 24. Qd3 Qxh5 25. Rh1 Qg6+ 26. Qxg6+ Kxg6 27. Rhe1 Nde5 28. Rad1 Kf5 29. Bg3 Rd8 30. a3 a5 31. f4 Ng4 32. Kf3 g5 33. Rd2 gxf4 34. Bxf4 Nge5+ 35. Bxe5 fxe5 36. Rh2 e4+ 37. Ke2 Ne5 38. Rh5+ Kf4 39. Rh4+ Kf5 40. Rh5+ Kf4 41. Rh4+ Ng4 42. Rf1+ Kg5 43. Rh7 d3+ 44. Kd1 Ne3+ 45. Ke1 Nxf1 46. Kxf1 d2 0-1


[Site "https://www.chess.com"]

[Event "Titled Tuesday Blitz May 16 Late 2023"]
[White "Manukyan, Sargis A."]
[Black "Mahdavi, Reza"]
[WhiteFideId "13303970"]
[BlackFideId "12595926"]
[WhiteElo "2187"]
[BlackElo "2352"]
[Result "0-1"]
[Round "05"]
[TimeControl "180+2"]
[Date "2023.05.16"]
[WhiteClock "0:00:09"]
[BlackClock "0:00:11"]

1. d4 Nf6 2. c4 g6 3. Nc3 Bg7 4. Nf3 d6 5. h3 O-O 6. Bf4 c5 7. d5 b5 8. cxb5 a6 9. bxa6 Bxa6 10. e4 Bxf1 11. Kxf1 Nfd7 12. g3 Qb6 13. Qc2 Na6 14. Kg2 c4 15. Be3 Qb7 16. Nd4 Nb4 17. Qe2 Ne5 18. f4 Ned3 19. a3 Na6 20. b4 Nc7 21. Qa2 Bxd4 22. Bxd4 e5 23. dxe6 Nxe6 24. Qxc4 Nb2 25. Qe2 Na4 26. Bf6 Nxc3 27. Bxc3 d5 28. exd5 Qxd5+ 29. Qf3 Qb3 30. Bf6 Qc2+ 31. Qf2 Qc6+ 32. Kh2 Rfc8 33. Rhd1 Qe4 34. Rd2 h5 35. h4 Qf5 36. Qg2 Qxf6 37. Rad1 Rxa3 38. b5 Rb3 39. Qb7 Rcc3 40. Rg2 Rxg3 41. Qb8+ Kh7 42. Kg1 Rxg2+ 43. Kxg2 Nxf4+ 44. Kf1 Nd5+ 45. Ke2 Re3+ 46. Kd2 Qc3# 0-1


[Site "https://www.chess.com"]

[Event "Titled Tuesday Blitz May 16 Late 2023"]
[White "Makridis, Dimitrios"]
[Black "Janaszak, Dawid"]
[WhiteFideId "25864475"]
[BlackFideId "1119206"]
[WhiteElo "2277"]
[BlackElo "2220"]
[Result "1-0"]
[Round "05"]
[TimeControl "180+2"]
[Date "2023.05.16"]
[WhiteClock "0:01:03"]
[BlackClock "0:00:00"]

1. e4 c5 2. Nf3 Nc6 3. b4 cxb4 4. d4 e6 5. a3 d5 6. e5 f6 7. axb4 fxe5 8. b5 e4 9. bxc6 exf3 10. Bb5 bxc6 11. Bxc6+ Bd7 12. Bxa8 Qxa8 13. Qxf3 Nf6 14. O-O Be7 15. Na3 O-O 16. Qd3 Ne4 17. Nb5 Qb8 18. c4 Rc8 19. Ba3 Bf6 20. cxd5 Bxb5 21. Qxe4 Bxf1 22. Qxe6+ Kh8 23. Rxf1 Bxd4 24. d6 Re8 25. Qd5 Qb6 26. d7 Rd8 27. Be7 Bxf2+ 28. Rxf2 Qb1+ 29. Rf1 Qb6+ 30. Kh1 Qa6 31. Qf7 1-0


[Site "https://www.chess.com"]

[Event "Titled Tuesday Blitz May 16 Late 2023"]
[White "Khandelwal, Ankush"]
[Black "Remizov, Yaroslav"]
[WhiteFideId "413470"]
[BlackFideId "34134015"]
[WhiteElo "2263"]
[BlackElo "2400"]
[Result "0-1"]
[Round "05"]
[TimeControl "180+2"]
[Date "2023.05.16"]
[WhiteClock "0:00:37"]
[BlackClock "0:02:16"]

1. e4 c5 2. Nf3 e6 3. d4 cxd4 4. Nxd4 Nf6 5. Nc3 Nc6 6. Nxc6 bxc6 7. e5 Nd5 8. Ne4 Qc7 9. f4 Rb8 10. c4 Bb4+ 11. Ke2 O-O 12. cxd5 cxd5 13. Ng5 d6 14. a3 Ba5 15. exd6 Qxd6 16. Qc2 g6 17. Nf3 Bd7 18. Kf2 Bb6+ 19. Kg3 f6 20. h4 e5 21. h5 g5 22. fxe5 fxe5 23. Bxg5 e4+ 24. Kh4 Rf4+ 25. Kg3 Rg4+ 26. Kh3 Qg3# 0-1


[Site "https://www.chess.com"]

[Event "Titled Tuesday Blitz May 16 Late 2023"]
[White "Fernandez Guillen, Ernesto J."]
[Black "Loiacono, Antonio"]
[WhiteFideId "3512428"]
[BlackFideId "895415"]
[WhiteElo "2429"]
[BlackElo "2257"]
[Result "1-0"]
[Round "05"]
[TimeControl "180+2"]
[Date "2023.05.16"]
[WhiteClock "0:00:42"]
[BlackClock "0:00:33"]

1. e4 e5 2. Nf3 Nc6 3. d4 exd4 4. Bc4 Bc5 5. O-O d6 6. c3 Nf6 7. cxd4 Bb6 8. Nc3 O-O 9. h3 Nxe4 10. Nxe4 d5 11. Bg5 f6 12. Bxf6 gxf6 13. Bb3 Na5 14. Ng3 Nxb3 15. Qxb3 c6 16. Rfe1 Kh8 17. Qe3 Bc7 18. Nh5 Qd7 19. Qh6 Qf7 20. Nh4 Kg8 21. Re3 Bd7 22. f4 Kh8 23. Re7 Qg8 24. Rg7 1-0


[Site "https://www.chess.com"]

[Event "Titled Tuesday Blitz May 16 Late 2023"]
[White "Hambleton, Aman"]
[Black "Musovic, Armin"]
[WhiteFideId "2606577"]
[BlackFideId "939935"]
[WhiteElo "2511"]
[BlackElo "2322"]
[Result "0-1"]
[Round "05"]
[TimeControl "180+2"]
[Date "2023.05.16"]
[WhiteClock "0:00:08"]
[BlackClock "0:00:14"]

1. c4 e5 2. g3 Nf6 3. Bg2 c6 4. Nf3 e4 5. Nd4 d5 6. cxd5 cxd5 7. d3 exd3 8. Qxd3 Nc6 9. O-O Be7 10. Nc3 O-O 11. Rd1 Ne5 12. Qc2 Bg4 13. Bf4 Nc4 14. h3 Bh5 15. Nf5 Bg6 16. Nxe7+ Qxe7 17. Qb3 Nb6 18. Bg5 Rad8 19. Bxf6 Qxf6 20. Nxd5 Nxd5 21. Rxd5 Rxd5 22. Bxd5 b6 23. Rc1 Qe5 24. Bf3 Rd8 25. Qc3 Qe6 26. Qc7 Re8 27. Qc6 Qe5 28. Kg2 h5 29. h4 Kh7 30. b4 Re6 31. Qc7 Qb2 32. Rd1 Rxe2 33. Rf1 Re6 34. Qxa7 Rf6 35. Ba8 Qxb4 36. Qc7 Be4+ 37. Bxe4+ Qxe4+ 38. Kg1 Rg6 39. Qxf7 Qg4 40. Kh1 Qh3+ 41. Kg1 Qg4 42. Qc7 Qxh4 43. Kg2 Qe4+ 44. Kg1 h4 45. Kh2 Qe2 46. Kg1 hxg3 47. fxg3 Qxa2 48. Qf4 Qd5 49. Qh4+ Rh6 50. Qg4 Qc5+ 51. Kg2 Qd5+ 52. Rf3 Qd2+ 53. Rf2 Qd5+ 54. Rf3 Rf6 55. Qh4+ Kg8 56. Qg4 Qxf3+ 57. Qxf3 Rxf3 58. Kxf3 Kf7 59. Ke4 Kg6 60. Kd5 Kg5 61. Kc6 Kg4 62. Kxb6 Kxg3 63. Kc5 Kf4 64. Kd4 g5 65. Kd3 Kf3 66. Kd2 Kf2 67. Kd3 g4 68. Ke4 g3 69. Kf4 g2 70. Kg4 g1=Q+ 71. Kh3 Qg3# 0-1


[Site "https://www.chess.com"]